 Dungeon Crawl Stone Soup version 0.31-a0-175-g9f7f995f2b (webtiles) character file.

Game seed: 6135666168882105179

135 qw the Chopper (level 5, 0/32 HPs)
             Began as a Gargoyle Fighter on June 16, 2023.
             Slain by an ogre
             ... wielding a +0 giant club
              (16 damage)
             ... on level 4 of the Dungeon.
             The game lasted 00:02:21 (3466 turns).

qw the Chopper (Gargoyle Fighter)                   Turns: 3466, Time: 00:02:22

Health: 0/32       AC: 13    Str: 21    XL:     5   Next: 18%
Magic:  5/5        EV:  7    Int:  9    God:
Gold:   80         SH:  4    Dex:  9    Spells: 4/4 levels left

rFire   . . .        Y - +0 war axe
rCold   . . .        c - +0 buckler
rNeg    + . .        e - +0 chain mail
rPois   inf          (no helmet)
rElec   +            (no cloak)
rCorr   .            (no gloves)
SInv    .            (no boots)
Will    .....        (no amulet) Stlth
                     (no ring)
HPRegen 0.25/turn    (no ring)
MPRegen 0.09/turn

%: no passive effects
@: no status effects
A: sickness immunity, AC +4, negative energy resistance 1, electricity
resistance, torment resistance 1, petrification resistance
a: no special abilities


You were on level 4 of the Dungeon.
You visited 1 branch of the dungeon, and saw 4 of its levels.

You collected 113 gold pieces.
You spent 33 gold pieces at shops.


Innate Abilities, Weirdness & Mutations

You are immune to sickness and miasma.
Your stone body is resilient. (AC +4)
You are immune to poison.
You resist negative energy. (rN+)
You are resistant to electric shocks. (rElec)
You are resistant to unholy torment.
You are immune to petrification.


   Skills:
 - Level 3.2 Fighting
 + Level 4.7 Axes
 - Level 3.2 Armour
 - Level 3.2 Shields


You had 4 spell levels left.
You didn't know any spells.
Your spell library was empty.

Inventory:

Hand Weapons
 j - a +1 mace of holy wrath
 Y - a +0 war axe (weapon)
Armour
 c - a +0 buckler (worn)
 e - a +0 chain mail (worn)
Potions
 a - a potion of attraction {unknown}
 d - 2 potions of might
 h - a potion of mutation {unknown}
 i - 3 potions of curing

Dungeon Overview and Level Annotations

Branches:
Dungeon (3/15)

Altars:
Qazlal

Shops:
D:2 ::*

Annotations:
D:2 1 runed translucent door, 2 transporters, Crazy Yiuf
D:3 exclusion: 3 giant cockroaches


Message History

You now have 80 gold pieces (gained 14).
A worm comes into view.
Found 16 gold pieces.
You slash the worm!
The worm is heavily wounded.
You slash the worm!
You kill the worm!
An adder comes into view.
The adder hisses angrily.
The adder moves out of view.
An adder is nearby!
The adder bites you but does no damage.
You hit the adder but do no damage. The adder bites you but does no damage.
You closely miss the adder. The adder bites you but does no damage.
You block the adder's attack.
You barely miss the adder. The adder bites you but does no damage.
The adder closely misses you.
You miss the adder. The adder barely misses you. You block the adder's attack.
You closely miss the adder. The adder bites you but does no damage.
You miss the adder. The adder barely misses you. You block the adder's attack.
You hit the adder.
The adder is severely wounded.
You block the adder's attack. The adder bites you but does no damage.
You slash the adder!
You kill the adder!
An ogre comes into view. It is wielding a +0 giant club.
The ogre shouts!
You slash the ogre!
The ogre is heavily wounded.
The ogre hits you with a +0 giant club!
Ouch! That really hurt!
You barely miss the ogre.
The ogre is heavily wounded.
The ogre hits you with a +0 giant club!
Ouch! That really hurt!
You die...

....~~. .......
....... .....# ..
....# ### ... #...
## ...# ..
##O##.#...# ..
##.##..@......#
..##..#.......$.##
...........%.#.##
.............## #
..............#
....##....##...#
....##...###....#
.....#...# #..###
#.......#######


You could see an ogre.

Vanquished Creatures
  An orc wizard (D:2)
  3 adders
  4 worms
  2 dart slugs
  3 orcs (D:2)
  5 endoplasms
  A giant cockroach (D:1)
  9 goblins
  8 hobgoblins
  4 jackals (D:2)
  3 quokkas
  5 ball pythons
  A bat (D:3)
  A frilled lizard (D:1)
  5 kobolds
  4 rats (D:1)
59 creatures vanquished.

Notes
Turn   | Place    | Note
-------+----------+-------------------------------------------
     0 | D:1      | qw the Gargoyle Fighter began the quest for the Orb.
     0 | D:1      | Reached XP level 1. HP: 14/14 MP: 1/1
     0 | D:1      | 0 ||| qw: Version: 0.2-a-29-g511e9b1
     0 | D:1      | 0 ||| qw: Game counter: 5695
     0 | D:1      | 0 ||| qw: Always use a shield: true
     0 | D:1      | 0 ||| qw: God list: Okawaru
     0 | D:1      | 0 ||| qw: Allow faded altars: false
     0 | D:1      | 0 ||| qw: Do Orc after D:15 true
     0 | D:1      | 0 ||| qw: Do second Lair branch before Depths: true
     0 | D:1      | 0 ||| qw: Lair rune preference: random
     0 | D:1      | 0 ||| qw: Plans: Normal, Zot:1-4, Slime:5, God:TSO, Crypt,
                  | Tomb, Abyss, Pan, Hells, Win
     0 | D:1      | 0 ||| PLANNING D:1-11
    60 | D:1      | Reached skill level 2 in Axes
   109 | D:1      | Reached XP level 2. HP: 13/19 MP: 2/2
   190 | D:1      | 190 ||| Stepping ~*~*~tactically~*~*~ (stealth).
   357 | D:1      | 357 ||| DROPPING +0 club.
   385 | D:1      | 385 ||| FLEEEEING.
   386 | D:1      | 386 ||| FLEEEEING.
   387 | D:1      | 387 ||| FLEEEEING.
   388 | D:1      | 388 ||| FLEEEEING.
   389 | D:1      | 389 ||| FLEEEEING.
   390 | D:1      | 390 ||| FLEEEEING.
   391 | D:1      | 391 ||| FLEEEEING.
   392 | D:1      | 392 ||| FLEEEEING.
   393 | D:1      | 393 ||| FLEEEEING.
   394 | D:1      | 394 ||| FLEEEEING.
   395 | D:1      | 395 ||| FLEEEEING.
   396 | D:1      | 396 ||| FLEEEEING.
   397 | D:1      | 397 ||| FLEEEEING.
   398 | D:1      | 398 ||| FLEEEEING.
   399 | D:1      | 399 ||| FLEEEEING.
   400 | D:1      | 400 ||| FLEEEEING.
   401 | D:1      | 401 ||| FLEEEEING.
   402 | D:1      | 402 ||| FLEEEEING.
   403 | D:1      | 403 ||| FLEEEEING.
   404 | D:1      | 404 ||| FLEEEEING.
   405 | D:1      | 405 ||| FLEEEEING.
   406 | D:1      | 406 ||| FLEEEEING.
   407 | D:1      | 407 ||| FLEEEEING.
   408 | D:1      | 408 ||| FLEEEEING.
   409 | D:1      | 409 ||| FLEEEEING.
   410 | D:1      | 410 ||| FLEEEEING.
   411 | D:1      | 411 ||| FLEEEEING.
   414 | D:1      | Reached skill level 3 in Axes
   484 | D:1      | Reached XP level 3. HP: 23/23 MP: 3/3
   559 | D:1      | 559 ||| Stepping ~*~*~tactically~*~*~ (hiding).
   830 | D:1      | 830 ||| UPGRADING to +0 chain mail.
   840 | D:1      | 840 ||| DROPPING +0 scale mail.
   841 | D:1      | 841 ||| READING 2 scrolls labelled JOGEUM NASKISM.
   842 | D:1      | 842 ||| READING scroll labelled PELINKIERO.
   943 | D:1      | 943 ||| DRINKING 3 purple potions.
   944 | D:1      | 944 ||| DROPPING scroll of revelation.
   985 | D:2      | Found Yvufix's General Store.
   995 | D:2      | 995 ||| SHOPLISTING +7 plate armour of Uhashuev {Contam
                  | rElec Str+3 Stlth+} (830 gold, have 28).
   995 | D:2      | 995 ||| SHOPLISTING potion of curing (33 gold, have 28).
  1051 | D:2      | 1051 ||| Stepping ~*~*~tactically~*~*~ (hiding).
  1231 | D:2      | Found a runed translucent door.
  1232 | D:2      | Noticed Crazy Yiuf
  1383 | D:2      | 1383 ||| Stepping ~*~*~tactically~*~*~ (stealth).
  1397 | D:2      | Reached XP level 4. HP: 20/28 MP: 4/4
  1597 | D:2      | Found a transporter.
  1600 | D:2      | Found Haett's Book Emporium.
  1654 | D:2      | Reached skill level 4 in Axes
  1695 | D:2      | Found Cohegim's Book Emporium.
  1714 | D:2      | 1714 ||| Stepping ~*~*~tactically~*~*~ (hiding).
  1715 | D:2      | 1715 ||| Stepping ~*~*~tactically~*~*~ (hiding).
  1817 | D:2      | 1817 ||| STAIRDANCE
  1832 | D:1      | 1832 ||| READING 2 scrolls labelled LOETETO IMP.
  1833 | D:1      | 1833 ||| READING scroll labelled LOT LUIDAG.
  1834 | D:1      | 1834 ||| READING scroll labelled BUMONOTUEMMY.
  1837 | D:1      | 1837 ||| DROPPING scroll of vulnerability.
  1937 | D:2      | Reached XP level 5. HP: 32/32 MP: 5/5
  1969 | D:2      | Found a transporter.
  2177 | D:2      | 2177 ||| BUYING potion of curing (33 gold).
  2177 | D:2      | Bought a potion of curing for 33 gold pieces
  2177 | D:2      | 2177 ||| Stepping ~*~*~tactically~*~*~ (stealth).
  2179 | D:2      | 2179 ||| Stepping ~*~*~tactically~*~*~ (stealth).
  2181 | D:2      | 2181 ||| Stepping ~*~*~tactically~*~*~ (hiding).
  3319 | D:3      | Found a stormy altar of Qazlal.
  3328 | D:3      | 3328 ||| READING scroll labelled EDESIO BEDENN.
  3400 | D:3      | You fall into a shaft and drop 1 floor!
  3462 | D:4      | Noticed an ogre
  3466 | D:4      | Slain by an ogre

Levels and vault maps discovered:
D:1:      zaba_arrival_water, layout_loops_ring, minmay_misc_feat_rows,
          minivault_19
D:2:      layout_loops_ring, serial_shops, nicolae_shop_hallway_stairs,
          nicolae_shop_stone, nicolae_shop_drivethru,
          chequers_serial_rivers_micro_d, uniq_crazy_yiuf_cottage
D:3:      layout_loops_ring, mainiacjoe_overflow_brackets,
          basic_ecumenical_altar, serial_aquarium, aquarium_bridge_straight
          [aquarium_subvault_bridge, aquarium_subvault_window,
          aquarium_subvault_bridge, aquarium_subvault_window],
          aquarium_bridge_long_separate [aquarium_subvault_wall,
          aquarium_subvault_window, aquarium_subvault_bridge,
          aquarium_subvault_bridge, aquarium_subvault_wall,
          aquarium_subvault_window], aquarium_window_1, aquarium_window_1,
          aquarium_window_1, aquarium_window_fake, aquarium_view_2f,
          aquarium_balcony_3a, aquarium_pool_2
D:4:      layout_cave_pools, nicolae_elyvilon_peaceful_grove, uniq_blork_the_orc

Skill      XL: |  1  2  3  4 |
---------------+-------------+-----
Axes           | 2 3 4 |  4.7
Fighting       | |  3.2
Armour         | |  3.2
Shields        | |  3.2

Action                     |  1- 3 |  4- 6 || total
---------------------------+-------+-------++-------
  Melee: War axe           |   139 |    86 ||   225
    Use: Scroll            |     2 |     4 ||     6
         Potion            |     1 |       ||     1
 Armour: Scale mail        |    38 |       ||    38
         Chain mail        |    20 |    38 ||    58
  Dodge: Dodged            |    52 |    28 ||    80
  Block: Buckler           |    26 |    21 ||    47

Table legend:
 A = Non-vault XP
 B = Vault XP
 C = Vault XP percentage of total XP
 D = Non-vault monster count
 E = Vault monster count
 F = Vault count percentage of total count
                 A         B        C        D         E       F
            +---------+---------+-------+---------+---------+-------
      Total |     193 |       0 |   0.0 |      59 |       0 |   0.0
            +---------+---------+-------+---------+---------+-------
        D:1 |      66 |       0 |   0.0 |      30 |       0 |   0.0
        D:2 |     104 |       0 |   0.0 |      25 |       0 |   0.0
        D:3 |       5 |       0 |   0.0 |       2 |       0 |   0.0
        D:4 |      18 |       0 |   0.0 |       2 |       0 |   0.0
            +---------+---------+-------+---------+---------+-------
